 Dungeon Crawl Stone Soup version 0.27-a0-1595-g0b823d0a13 (webtiles) character file.

Game seed: 15367693552251544143

148 robertstho the Chiller (level 5, -6/24 HPs)
             Began as a Vine Stalker Ice Elementalist on July 20, 2021.
             Mangled by Natasha (8 damage)
             ... on level 3 of the Dungeon.
             The game lasted 00:06:21 (3201 turns).

robertstho the Chiller (VSIE)                       Turns: 3201, Time: 00:06:22

Health: -6/24      AC:  2    Str: 17    XL:     5   Next: 30%
Magic:  0/10       EV: 12    Int: 16    God:
Gold:   16         SH:  0    Dex: 14    Spells: 3/10 levels left

rFire    . . .     SeeInvis .   l - +2 war axe (vorpal)
rCold    . . .     Faith    .   (no shield)
rNeg     . . .     Spirit   +   a - +0 robe
rPois    .         Reflect  .   (no helmet)
rElec    .         Harm     .   (no cloak)
rCorr    .         Rampage  .   (no gloves)
Will     .....                  (no boots)
Stlth    ++........             (no amulet)
HPRegen  1.08/turn              d - +6 ring of strength
MPRegen  0.12/turn              (no ring)

@: about to teleport, slowed, very slow
A: fangs 2, regeneration 1, magic shield, antimagic bite, no potion heal 2
a: no special abilities


You were on level 3 of the Dungeon.
You visited 1 branch of the dungeon, and saw 3 of its levels.

You collected 16 gold pieces.

Inventory:

Hand Weapons
 l - a +2 vorpal war axe (weapon)
Armour
 a - a +0 robe (worn)
Jewellery
 d - a +6 ring of strength (left hand)
Scrolls
 c - a scroll of teleportation
 f - a scroll of silence
 j - a scroll of enchant armour
Potions
 e - 2 potions of cancellation {unknown}
 h - a potion of might {unknown}
 i - a potion of lignification {unknown}
 k - 2 potions of attraction {unknown}


   Skills:
 + Level 0.1 Fighting
 + Level 1.8 Dodging
 * Level 3.7 Stealth
 + Level 1.4 Unarmed Combat
 * Level 3.0 Spellcasting
 * Level 5.2 Ice Magic


You had 3 spell levels left.
You knew the following spells:

 Your Spells              Type           Power      Damage    Failure   Level
a - Freeze                Ice            76%        1d9       2%          1
b - Frozen Ramparts       Ice            38%        1d5       7%          3
c - Ozocubu's Armour      Ice            19%        N/A       7%          3

Your spell library contained the following spells:

 Spells                   Type           Power      Damage    Failure   Level
 Hailstorm                Conj/Ice       10%        3d5       54%         4


Dungeon Overview and Level Annotations

Branches:
Dungeon (3/15)

Altars:

Annotations:
D:3 Natasha


Innate Abilities, Weirdness & Mutations

You have extremely sharp teeth.
Your natural rate of healing is unusually fast.
When hurt, damage is shared between your health and your magic reserves.
Your bite disrupts and absorbs the magic of your enemies.
Potions cannot restore your health.


Message History

Natasha hisses angrily.
Natasha drinks a potion.
Natasha seems to speed up.
Natasha mumbles some strange words.
Natasha stares at you and mumbles some strange words.
The magic dart hits you! The white imp gestures at you.
The puff of frost hits you.
You hit the white imp.
You bite the white imp, but do no damage.
The white imp is moderately wounded.
The white imp barely misses you. The quokka bites you.
You hit the white imp. Your bite misses the white imp.
The white imp is severely wounded.
You hit Natasha. You hit the quokka. Natasha casts a spell at you.
You resist with some effort. The quokka barely misses you.
The white imp hits you. The white imp freezes you. Natasha closely misses you.
The quokka misses you. The white imp hits you. The white imp freezes you.
* * * LOW HITPOINT WARNING * * *
Natasha barely misses you.
Casting: Freeze (safe; 2% risk of failure)
Confirm with . or Enter, or press ? or * to list all spells.
You don't have enough magic to cast this spell.
Okay, then.
As you read the scroll of teleportation, it crumbles to dust.
You feel strangely unstable.
Natasha stares at you and mumbles some strange words.
You feel yourself slow down. The quokka bites you.
* * * LOW HITPOINT WARNING * * *
The white imp closely misses you.
Unknown command.
Natasha stares at you and mumbles some strange words.
You resist with some effort. The white imp gestures at you.
The puff of frost hits you.
* * * LOW HITPOINT WARNING * * *
Natasha mumbles some strange words.
You feel troubled. Natasha claws you!
You die...

.........).#
#.##+#####.##
##...# #..#
##.....####.#
##.#...#.###.#
#.8.8.8.8.##.#
...$.......#.#
.....).h...'.#
.......r@..###
#.8.8.858.##
##.#...#.##
##.....##
##...# ##+#


You could see Natasha (fast), a white imp (summoned) and a quokka.

Vanquished Creatures
  Robin (D:2)
  5 adders (D:2)
  3 gnolls (D:3)
  2 dart slugs
  4 bats
  2 endoplasms (D:1)
  2 giant cockroaches
  10 goblins
  8 hobgoblins
  5 jackals (D:2)
  A quokka (D:1)
  5 ball pythons
  3 frilled lizards
  3 kobolds
  5 rats
59 creatures vanquished.

Notes
Turn   | Place    | Note
-------+----------+-------------------------------------------
     0 | D:1      | robertstho the Vine Stalker Ice Elementalist began the
                  | quest for the Orb.
     0 | D:1      | Reached XP level 1. HP: 9/9 MP: 4/4
   190 | D:1      | Reached XP level 2. HP: 13/13 MP: 6/6
  1196 | D:1      | Reached XP level 3. HP: 13/16 MP: 3/7
  1799 | D:2      | Noticed Robin
  2072 | D:2      | Learned a level 3 spell: Frozen Ramparts
  2076 | D:2      | Learned a level 3 spell: Ozocubu's Armour
  2408 | D:2      | Reached skill level 1 in Unarmed Combat
  2408 | D:2      | Gained mutation: Your natural rate of healing is unusually
                  | fast. [Vine Stalker growth]
  2408 | D:2      | Reached XP level 4. HP: 21/21 MP: 9/9
  2591 | D:2      | Reached skill level 5 in Ice Magic
  2927 | D:2      | Killed Robin
  2928 | D:2      | Reached XP level 5. HP: 9/24 MP: 1/10
  3192 | D:3      | Noticed Natasha
  3201 | D:3      | Mangled by Natasha

Illustrated notes

Levels and vault maps discovered:
D:1:      minmay_arrival_jagged, layout_loops_corners
D:2:      layout_loops_ring, minmay_snake_closets, uniq_robin
D:3:      layout_loops_cross, tso_altar, nicolae_ru_great_annihilating_truth,
          shapermc_ecumenical_altar_totnotflames, dk_noncrumbling_3,
          nrook_uturn, uniq_ijyb, uniq_natasha

Skill      XL: |  1  2  3  4  5 |
---------------+----------------+-----
Unarmed Combat | 1 |  1.4
Stealth        | 3 |  3.7
Ice Magic      | 5 |  5.2
Spellcasting   | 3 |  3.0
Fighting       | |  0.1
Dodging        | |  1.8

Action                   |  1- 3 |  4- 6 || total
-------------------------+-------+-------++-------
Melee: Unarmed           |    69 |    24 ||    93
       Bite              |    17 |     4 ||    21
       War axe           |       |     3 ||     3
 Cast: Freeze            |    33 |     4 ||    37
       Frozen Ramparts   |     6 |     8 ||    14
       Ozocubu's Armour  |       |     1 ||     1
  Use: Scroll            |       |     5 ||     5
 Stab: Sleeping          |     7 |     3 ||    10
Armor: Robe              |    13 |     4 ||    17
Dodge: Dodged            |    54 |    23 ||    77

Table legend: (Time is in decaauts)
 A = Elapsed time spent in this place.
 B = Non-inter-level travel time spent in this place.
 C = Inter-level travel time spent in this place.
 D = Time resting spent in this place.
 E = Time spent auto-exploring this place.
 F = Levels seen in this place.
 G = Mean time per level.
                   A        B        C        D        E       F      G
               +--------+--------+--------+--------+--------+-----+--------+
         Total |   3200 |   3119 |     81 |    149 |   2521 |   3 | 1066.7 |
       Dungeon |   3200 |   3119 |     81 |    149 |   2521 |   3 | 1066.7 |
               +--------+--------+--------+--------+--------+-----+--------+

Top non-repeatable levels by time:
     D:1: 1678 daAuts
     D:2: 1347 daAuts
     D:3: 174 daAuts
